 Dungeon Crawl Stone Soup version 0.25-a0-610-gd0df705f03 (webtiles) character file.

Game seed: 8930357169344132210, levelgen mode: deterministic

28 Esekla the Charlatan (level 2, -7/14 HPs)
             Began as a Spriggan Artificer on Mar 16, 2020.
             Killed from afar by Sigmund (9 damage)
             ... with a puff of flame
             ... on level 3 of the Dungeon.
             The game lasted 00:06:42 (1958 turns).

Esekla the Charlatan (Spriggan Artificer)           Turns: 1958, Time: 00:06:42

Health: -7/14      AC:  2    Str:  8    XL:     2   Next: 96%
Magic:  6/6        EV: 19    Int: 12    God:
Gold:   94         SH:  0    Dex: 16    Spells: 2/2 levels left

rFire    . . .     SeeInvis +   a - +0 short sword
rCold    . . .     Gourm    .   (shield restricted)
rNeg     . . .     Faith    .   b - +0 robe
rPois    .         Spirit   .   (helmet restricted)
rElec    .         Reflect  .   (no cloak)
rCorr    .         Harm     .   (gloves unavailable)
MR       .....                  (boots unavailable)
Stlth    ++........             l - amulet of inaccuracy (curse)
HPRegen  0.04/turn              (no ring)
MPRegen  0.10/turn              (no ring)

@: very quick
A: very small, unfitting armour, see invisible, herbivore, speed 3, slow
metabolism 2
a: no special abilities


You were on level 3 of the Dungeon.
You were not hungry.

You visited 1 branch of the dungeon, and saw 3 of its levels.

You collected 94 gold pieces.

Inventory:

Hand Weapons
 a - a +0 short sword (weapon)
Armour
 b - a +0 robe (worn)
Jewellery
 l - a cursed amulet of inaccuracy (around neck)
Wands
 c - a wand of flame (15)
 d - a wand of enslavement (15)
 e - a wand of random effects (14)
Potions
 g - a potion of resistance
 j - a potion of stabbing {unknown}
 k - a potion of ambrosia
 m - a potion of might {unknown}
Comestibles
 f - 5 rations


   Skills:
 - Level 0.7 Fighting
 * Level 2.3 Short Blades
 * Level 3.9 Dodging
 + Level 1.5 Stealth
 * Level 0.9 Spellcasting
 - Level 4.0 Evocations


You had 2 spell levels left.
You didn't know any spells.
Your spell library was empty.

Dungeon Overview and Level Annotations

Branches:
Dungeon (3/15)

Altars:
Makhleb
Uskayaw
Vehumet

Annotations:
D:3 Sigmund


Innate Abilities, Weirdness & Mutations

You are very small and have problems with some larger weapons.
You are too small for most types of armour.
You have supernaturally acute eyesight. (SInv)
You are a herbivore.
You cover ground extremely quickly.
You need to consume almost no food.


Message History

The adder barely misses you. The rat barely misses you.
You hit the rat.
You kill the rat!
The adder completely misses you. The adder barely misses you.
You closely miss the goblin. The goblin hits you with a +0 club.
A frilled lizard and Sigmund come into view.
Sigmund is wielding a +2 scythe of venom.
Found 4 gold pieces.
The helpless Sigmund fails to defend himself.
You puncture Sigmund!
Sigmund is moderately wounded.
The goblin barely misses you. The adder misses you.
Sigmund points at you and mumbles some strange words.
The puff of flame hits you!
Ouch! That really hurt!
* * * LOW HITPOINT WARNING * * *
Sigmund casts a spell at you. The puff of flame hits you!
Ouch! That really hurt!
You die...

#..,,,,,,,,,* #$#********,* ###
#l# *,* ##.###########.# *,*
#............#.# *,*
##...########.#@#######**,*****
#.....#######.S........,,,,,,,*
..............g.###.##***,***,*
#.....######....@....# *,* *,*
#..†.## *#......###.# *,***,**
....## #.......# *,****,**,*,**
##### ##......#**,,,,,,*,***,*
##......,,,****,**,*,**
##..###.*** *<***,** ##.**,,,**
*,* *,* ###### #.**,_..* *,*
*,* ...S.# *,**...,****,* *,*


You could see Sigmund, an adder, a goblin and a frilled lizard.

Vanquished Creatures
  2 dart slugs
  A leopard gecko (D:3)
  A bat (D:3)
  A giant cockroach (D:1)
  3 hobgoblins
  4 kobolds
  A frilled lizard (D:3)
  5 goblins (D:1)
  3 rats
21 creatures vanquished.

Notes
Turn   | Place    | Note
-------+----------+-------------------------------------------
     0 | D:1      | Esekla the Spriggan Artificer began the quest for the Orb.
     0 | D:1      | Reached XP level 1. HP: 9/9 MP: 4/4
   120 | D:1      | Reached XP level 2. HP: 10/14 MP: 6/6
  1280 | D:2      | Found a hide-covered altar of Uskayaw.
  1280 | D:2      | Found a radiant altar of Vehumet.
  1330 | D:2      | Found a faded altar of an unknown god.
  1893 | D:3      | Found a burning altar of Makhleb.
  1955 | D:3      | Noticed Sigmund
  1958 | D:3      | Killed from afar by Sigmund

Levels and vault maps discovered:
D:1:      dpeg_arrival_rhombus, layout_basic
D:2:      layout_loops_cross, chequers_temple_overflow_statue_of_worship,
          gammafunk_temple_overflow_statue, chequers_ecumenical_altar_simple,
          uniq_jessica
D:3:      layout_loops_ring, bloody_makhleb, uniq_sigmund

Skill      XL: |  1  2 |
---------------+-------+-----
Short Blades   | 2 |  2.3
Fighting       | |  0.7
Dodging        | |  3.9
Stealth        | |  1.5
Spellcasting   | |  0.9
Evocations     | |  4.0

Action                   || total
-------------------------++-------
Melee: Short sword       ||   134
Evoke: Wand              ||     1
  Use: Scroll            ||     3
 Stab: Sleeping          ||     1
Armor: Robe              ||     9
Dodge: Dodged            ||   118

Table legend:
 A = Non-vault XP
 B = Vault XP
 C = Vault XP percentage of total XP
 D = Non-vault monster count
 E = Vault monster count
 F = Vault count percentage of total count
                 A         B        C        D         E       F
            +---------+---------+-------+---------+---------+-------
      Total |      40 |       0 |   0.0 |      21 |       0 |   0.0
            +---------+---------+-------+---------+---------+-------
        D:1 |      20 |       0 |   0.0 |      10 |       0 |   0.0
        D:2 |       9 |       0 |   0.0 |       4 |       0 |   0.0
        D:3 |      11 |       0 |   0.0 |       7 |       0 |   0.0
            +---------+---------+-------+---------+---------+-------
